 Dungeon Crawl Stone Soup version 0.31-a0-202-g547052bce9 (webtiles) character file.

Game seed: 13327521897331393340

68 qw the Shooter (level 4, 0/25 HPs)
             Began as a Deep Elf Hunter on June 26, 2023.
             Frozen to death by an endoplasm (3 damage)
             ... on level 3 of the Dungeon.
             The game lasted 00:00:42 (1862 turns).

qw the Shooter (Deep Elf Hunter)                    Turns: 1862, Time: 00:00:43

Health: 0/25       AC:  5    Str: 10    XL:     4   Next: 1%
Magic:  6/6        EV: 11    Int: 14    God:
Gold:   245        SH:  0    Dex: 18    Spells: 3/3 levels left

rFire   . . .        Y - +0 shortbow
rCold   . . .        (shield currently unavailable)
rNeg    . . .        e - +0 ring mail
rPois   .            (no helmet)
rElec   .            (no cloak)
rCorr   .            (no gloves)
SInv    +            (no boots)
Will    .....        (no amulet)
Stlth   +            c - ring of see invisible
HPRegen 0.24/turn    (no ring)
MPRegen 0.10/turn

%: no passive effects
@: lethally poisoned (0 -> -10)
A: no striking features
a: no special abilities


You were on level 3 of the Dungeon.
You visited 1 branch of the dungeon, and saw 3 of its levels.

You collected 245 gold pieces.


   Skills:
 - Level 1.5 Fighting
 + Level 7.4 Ranged Weapons
 - Level 2.4 Dodging
 - Level 1.2 Stealth


You had 3 spell levels left.
You didn't know any spells.
Your spell library was empty.

Inventory:

Hand Weapons
 Y - a +0 shortbow (weapon)
Armour
 a - the +2 robe of the Bulwark {Fly rPois Str-4 Int+5 Dex-3}
   (You found it on level 3 of the Dungeon)

   Str:       It affects your strength (-4).
   Int:       It affects your intelligence (+5).
   Dex:       It affects your dexterity (-3).
   rPois:     It protects you from poison.
   Fly:       It grants you flight.
 e - a +0 ring mail (worn)
Jewellery
 c - a ring of see invisible (left hand)
Scrolls
 f - 3 scrolls of identify
Potions
 d - a potion of magic {unknown}
 j - a potion of lignification {unknown}

Dungeon Overview and Level Annotations

Branches:
Dungeon (3/15)

Altars:

Shops:
D:1 (

Annotations:
D:3 Ijyb, Jessica


Message History

You shoot an arrow. The arrow hits Ijyb.
Ijyb is lightly wounded.
Ijyb hits you with a +0 dagger. The adder bites you but does no damage.
You shoot an arrow. The arrow hits Ijyb.
Ijyb is heavily wounded.
The adder misses you.
Jessica the Apprentice Sorceress comes into view.
She is wielding a +0 club.
Ijyb hits you but does no damage. The adder bites you but does no damage.
Ijyb hits you but does no damage.
You shoot an arrow. The arrow barely misses Ijyb.
Jessica shouts!
The adder closely misses you.
Ijyb zaps a wand.
The puff of flame misses you.
Jessica casts a spell.
Jessica blinks!
You shoot an arrow. The arrow hits Ijyb!
Ijyb is almost dead.
The adder bites you but does no damage.
The endoplasm hits you but does no damage.
Ijyb hits you but does no damage. The adder bites you but does no damage.
You shoot an arrow. The arrow hits Ijyb but does no damage.
Ijyb is almost dead.
The adder bites you. Ijyb hits you but does no damage.
The endoplasm freezes you.
You are frozen.
You shoot an arrow. The arrow hits Ijyb.
Ijyb is almost dead.
The adder bites you.
You are poisoned.
The adder poisons you!
The endoplasm hits you but does no damage.
Jessica grins evilly.
Ijyb barely misses you. The adder bites you.
You are more poisoned.
The adder poisons you!
You shoot an arrow. The arrow barely misses Ijyb.
You feel very sick. Ijyb closely misses you. The endoplasm freezes you.
You are frozen.
You die...

# ...###.......##
#.### ##.......#
#. #....#.#.. .
#...#....# .
....###.#..#
#.....##.#..# #
#.###....#..##
... [
#......##.....
#.#...@SB.....
.......Jg......
......#..........
#..............##
......##.../#....
..... ##..####@.
.... ...# . #.
.).#


You could see Ijyb, an adder, Jessica, an endoplasm and a giant cockroach.

Vanquished Creatures
  A worm (D:2)
  A dart slug (D:1)
  3 orcs
  7 ball pythons
  3 bats
  4 endoplasms
  6 giant cockroaches
  4 goblins (D:1)
  5 hobgoblins
  4 jackals
  4 quokkas
  6 frilled lizards
  4 kobolds
  3 rats
55 creatures vanquished.

Notes
Turn   | Place    | Note
-------+----------+-------------------------------------------
     0 | D:1      | qw the Deep Elf Hunter began the quest for the Orb.
     0 | D:1      | Reached XP level 1. HP: 12/12 MP: 3/3
     0 | D:1      | 0 ||| qw: Version: 0.3-a-22-g0ed2b0b
     0 | D:1      | 0 ||| qw: Game counter: 5910
     0 | D:1      | 0 ||| qw: Melee chars always use a shield: true
     0 | D:1      | 0 ||| qw: God list: Okawaru
     0 | D:1      | 0 ||| qw: Allow faded altars: false
     0 | D:1      | 0 ||| qw: Do Orc after clearing Dungeon:15 true
     0 | D:1      | 0 ||| qw: Do second Lair branch before Depths: true
     0 | D:1      | 0 ||| qw: Lair rune preference: random
     0 | D:1      | 0 ||| qw: Goals: Normal
     0 | D:1      | 0 ||| PLANNING D:1-11
   121 | D:1      | Reached XP level 2. HP: 16/16 MP: 4/4
   186 | D:1      | Reached skill level 6 in Ranged Weapons
   390 | D:1      | Found Dydwuint's Weapon Shoppe.
   471 | D:1      | Reached XP level 3. HP: 20/20 MP: 5/5
   643 | D:1      | 643 ||| UPGRADING to +0 ring mail.
   653 | D:1      | 653 ||| DROPPING +0 leather armour.
   654 | D:1      | 654 ||| READING scroll labelled JYAS BACAZOA.
   655 | D:1      | 655 ||| DROPPING scroll of butterflies.
   927 | D:2      | Reached skill level 7 in Ranged Weapons
  1722 | D:2      | 1722 ||| UPGRADING to ring of see invisible.
  1723 | D:2      | 1723 ||| READING 2 scrolls labelled TETABLOUVO.
  1724 | D:2      | 1724 ||| READING scroll labelled DOPATHR QATH.
  1764 | D:2      | 1764 ||| READING 2 scrolls labelled TIRABU JYMED.
  1765 | D:2      | 1765 ||| READING scroll labelled NOM RUTZAI.
  1768 | D:2      | 1768 ||| READING scroll labelled NOUDUMMATAE.
  1769 | D:2      | 1769 ||| READING scroll labelled MATAERREYLO.
  1770 | D:2      | 1770 ||| READING scroll labelled WOSTIM GYSTRUATH.
  1771 | D:2      | 1771 ||| DROPPING scroll of fear.
  1782 | D:3      | 1782 ||| STAIRDANCE
  1819 | D:3      | Identified the +2 robe of the Bulwark {Fly rPois Str-4
                  | Int+5 Dex-3}
  1845 | D:3      | Reached XP level 4. HP: 25/25 MP: 6/6
  1848 | D:3      | Noticed Ijyb
  1857 | D:3      | Noticed Jessica
  1861 | D:3      | HP: 6/25 [adder (1)]
  1862 | D:3      | Frozen to death by an endoplasm

Levels and vault maps discovered:
D:1:      psy_arrival_statuary, layout_loops_ring, serial_shops,
          nicolae_shop_bloodbath_and_beyond, minmay_misc_feat_iff, minivault_27
D:2:      layout_loops_corners, mrwooster_statue_mirror, minmay_hexomino_u4
D:3:      layout_rooms, mainiacjoe_overflow_paths, minivault_4, minivault_19,
          uniq_jessica, uniq_ijyb, uniq_terence

Skill      XL: |  1  2  3 |
---------------+----------+-----
Ranged Weapons | 6 7 |  7.4
Fighting       | |  1.5
Dodging        | |  2.4
Stealth        | |  1.2

Action                     |  1- 3 |  4- 6 || total
---------------------------+-------+-------++-------
   Fire: Shortbow          |   142 |    14 ||   156
    Use: Scroll            |     8 |       ||     8
 Armour: Leather armour    |     9 |       ||     9
         Ring mail         |     8 |    11 ||    19
  Dodge: Dodged            |    37 |     6 ||    43

Table legend:
 A = Non-vault XP
 B = Vault XP
 C = Vault XP percentage of total XP
 D = Non-vault monster count
 E = Vault monster count
 F = Vault count percentage of total count
                 A         B        C        D         E       F
            +---------+---------+-------+---------+---------+-------
      Total |      91 |       7 |   7.1 |      53 |       2 |   3.6
            +---------+---------+-------+---------+---------+-------
        D:1 |      50 |       0 |   0.0 |      29 |       0 |   0.0
        D:2 |      32 |       7 |  17.9 |      20 |       2 |   9.1
        D:3 |       9 |       0 |   0.0 |       4 |       0 |   0.0
            +---------+---------+-------+---------+---------+-------
